Map: Automaton LE

Players

puCK (Nina) - Winner!

  • Race: Protoss Protoss
  • League: Grandmaster
  • Spawn Location: 3:00

Epic

  • Race: Terran Terran
  • League: Grandmaster
  • Spawn Location: 9:00

Event: 2019 WCS Winter Americas

VOD

Have the link to the VOD?

Description

Time

  • Played on: Feb. 16, 2019, 12:24 p.m.
  • Length: 10:56

All games in this series

Show
View Real Time Build Order
Export as new Build Order

puCK Protoss - Winner!

Build Orders: 1 Gate Expand, Blink Stalkers, Zealot Archon, Archon Drop, Dark Templar Rush 

Get SALT Encoding   

  12  0:00  Probe  
  13  0:13  Probe  
  14  0:18  Pylon  
  14  0:24  Probe  
  15  0:32  Probe  
  15  0:38  Gateway  
  15  0:40  Probe  
  16  0:49  Assimilator  
  17  0:51  Probe  
  18  1:03  Probe  
  19  1:15  Probe  
  20  1:26  Nexus  
  20  1:36  Cybernetics Core  
  20  1:39  Probe  
  21  1:46  Assimilator  
  21  1:52  Pylon  
  21  1:54  Probe  
  22  2:03  Adept  
  22  2:06  Probe  
  23  2:14  Warp Gate  
  25  2:18  Probe  
  26  2:28  Twilight Council  
  26  2:30  Probe  
  26  2:32  Stalker  
  26  2:35  Probe  
  29  2:38  Probe  
  29  2:43  Probe  
  31  2:46  Probe  
  33  2:52  Probe  
  33  2:54  Pylon  
  34  3:01  Probe  
  34  3:04  Probe  
  36  3:08  Stalker  
  38  3:13  Probe  
  38  3:18  Probe, Dark Shrine  
  40  3:25  Probe  
  41  3:27  Gateway  
  41  3:32  Probe  
  42  3:38  Robotics Facility  
  42  3:40  Probe  
  43  3:50  Probe  
  43  3:53  Assimilator, Probe  
  45  3:56  Blink  
  45  4:02  Probe, Pylon  
  46  4:06  Probe  
  47  4:10  Pylon  
  47  4:11  Pylon  
  47  4:14  Probe  
  47  4:15  Warp Prism  
  48  4:19  Probe  
  49  4:26  Probe  
  49  4:30  Dark Templar x2  
  56  4:33  Probe  
  56  4:36  Assimilator  
  56  4:38  Pylon  
  57  4:49  Robotics Bay  
  57  4:51  Gateway  
  55  5:05  Probe  
  56  5:08  Gateway  
  56  5:09  Observer, Gateway x2  
  56  5:14  Dark Templar  
  58  5:18  Archon  
  59  5:23  Stalker  
  59  5:25  Pylon  
  61  5:32  Pylon  
  61  5:36  Probe  
  61  5:37  Disruptor  
  65  5:50  Nexus  
  65  5:51  Stalker x2  
  69  6:03  Dark Templar x2, Forge  
  73  6:08  Archon  
  73  6:11  Stalker x2  
  77  6:18  Stalker  
  77  6:20  Stalker  
  81  6:40  Stalker x4, Disruptor  
  88  7:00  Stalker x2  
  89  7:07  Stalker  
  91  7:11  Zealot x2  
  87  7:26  Zealot x2  
  89  7:31  Charge  
  89  7:34  Probe  
  89  7:40  Zealot x3  
  89  7:44  Protoss Ground Weapons Level 1  
  85  7:54  Probe x2  
  87  7:59  Probe  
  87  8:04  Forge  
  87  8:05  Colossus  
  88  8:06  Probe x2  
  88  8:11  Probe  
  97  8:13  Zealot x3  
  97  8:14  Zealot  
  97  8:17  Cybernetics Core, Probe  
  97  8:18  Probe  
  107  8:20  Probe  
  107  8:25  Pylon  
  108  8:31  Probe  
  95  8:46  Probe  
  92  8:49  Colossus  
  90  9:04  Observer  
  84  9:11  Probe  
  84  9:12  Stalker x5  
  84  9:13  Probe  
  84  9:14  Probe  
  93  9:20  Observer  
  93  9:24  Assimilator  
  93  9:28  Assimilator  
  93  9:32  Gateway  
  93  9:34  Colossus, Gateway  
  93  9:35  Pylon  
  93  9:36  Stalker x5, Pylon  
  109  9:52  Nexus  
  109  10:00  Gateway  
  109  10:05  Pylon  
  109  10:09  Stalker x3  
  109  10:14  Pylon  
  115  10:24  Zealot x2  
  114  10:40  Stalker x5  
  124  10:44  Zealot x2  
Show
View Real Time Build Order
Export as new Build Order

Epic Terran 

Build Orders:  

Get SALT Encoding   

  12  0:00  SCV  
  13  0:13  SCV  
  14  0:18  Supply Depot  
  14  0:25  SCV  
  15  0:29  Refinery  
  15  0:39  SCV  
  16  0:45  Barracks  
  16  0:51  SCV  
  17  1:03  SCV  
  18  1:16  SCV  
  19  1:32  Reaper, Orbital Command  
  20  1:49  Command Center  
  20  1:57  SCV  
  21  2:06  Factory  
  21  2:10  SCV  
  21  2:11  Barracks Reactor  
  22  2:17  Supply Depot  
  22  2:22  SCV  
  23  2:26  Refinery  
  23  2:39  SCV  
  24  2:48  Marine x2  
  24  2:49  Hellion  
  28  2:51  Starport  
  28  2:52  SCV  
  29  3:02  Orbital Command  
  29  3:04  SCV  
  30  3:06  Marine  
  30  3:08  Marine  
  30  3:12  Factory Tech Lab  
  32  3:16  SCV  
  32  3:26  Marine  
  32  3:27  Marine  
  33  3:29  Barracks  
  34  3:35  SCV x2  
  34  3:40  Raven  
  34  3:41  Factory Tech Lab  
  38  3:44  Marine x2  
  38  3:48  Supply Depot  
  40  3:50  SCV x2  
  40  3:56  Bunker  
  40  4:00  Siege Tank  
  43  4:03  SCV  
  43  4:04  SCV  
  45  4:10  Supply Depot  
  45  4:12  Marine x2  
  45  4:16  SCV x2  
  49  4:22  Barracks  
  49  4:26  Stimpack  
  49  4:30  SCV x2  
  51  4:33  Refinery  
  51  4:39  Marine x2  
  51  4:40  Engineering Bay, Marine  
  51  4:44  Starport Reactor  
  51  4:45  SCV x2  
  56  4:55  Factory Reactor, Supply Depot  
  56  4:57  SCV x2  
  58  5:08  Missile Turret  
  58  5:13  SCV x2  
  60  5:14  Terran Infantry Weapons Level 1  
  60  5:17  Marauder, Marine  
  60  5:18  Marauder, Marine  
  66  5:22  Combat Shield  
  66  5:26  SCV x2  
  66  5:28  Refinery  
  68  5:33  Supply Depot  
  68  5:34  Medivac  
  70  5:39  Supply Depot  
  70  5:41  SCV  
  70  5:44  Medivac  
  70  5:47  Marine  
  70  5:48  Marauder, Marine  
  76  5:52  Marauder  
  76  5:55  Widow Mine  
  80  5:57  Widow Mine  
  80  6:01  Supply Depot  
  82  6:05  Marine  
  82  6:06  Marine  
  82  6:09  Marauder  
  86  6:14  Marauder  
  86  6:15  Viking  
  90  6:20  Widow Mine x2  
  94  6:25  Marine x2  
  96  6:35  Marauder x2  
  89  6:43  Marine x2, Widow Mine x2  
  60  6:56  Marauder, Marine  
  59  7:01  Marine  
  59  7:02  SCV x2  
  59  7:11  Marine  
  59  7:14  Marauder  
  58  7:18  Marauder  
  58  7:20  SCV x2  
  62  7:27  Marine  
  63  7:32  SCV  
  63  7:33  SCV  
  65  7:41  Marine  
  65  7:42  Marauder x2  
  65  7:45  Marine  
  65  7:49  SCV x2  
  52  7:54  Medivac x2  
  54  7:59  Terran Infantry Armor Level 1  
  54  8:01  SCV x2  
  56  8:11  Marauder x2  
  59  8:13  Marine  
  59  8:14  Marine  
  59  8:17  SCV  
  59  8:19  SCV  
  63  8:24  Medivac  
  65  8:27  Medivac  
  66  8:41  SCV x2  
  62  8:43  Marauder x2, Marine x2  
  62  9:03  SCV x2  
  62  9:05  Marauder, Starport Reactor  
  60  9:13  Marine x2, Barracks Tech Lab  
  60  9:14  Factory Reactor  
  60  9:19  Command Center  
  60  9:20  SCV x2  
  62  9:25  Concussive Shells  
  62  9:26  Marauder  
  64  9:32  SCV x2, Marine  
  64  9:33  Marauder, Marine  
  70  9:42  Medivac  
  70  9:43  Medivac  
  74  9:48  SCV x2  
  74  9:49  Marauder  
  74  9:50  Marine  
  83  9:52  Widow Mine x2  
  83  9:54  Marauder  
  83  9:55  Liberator x2  
  83  9:56  Supply Depot  
  83  9:58  Marine  
  86  10:02  SCV  
  86  10:03  SCV  
  94  10:19  Marauder, Marine x2  
  94  10:20  Marauder  
  98  10:22  SCV x2  
  83  10:37  Marine x2  
Tags
 
Add a new tag
Caveats
  • Supply blocks, unpowered buildings, or Contaminate may cause inaccurate times.
  • Supply counts are checked every 10 seconds.